 Dungeon Crawl Stone Soup version 0.20.1-1-g8b1a95d (webtiles) character file.

73 Meenos the Ruffian (level 4, -4/35 HPs)
             Began as a Draconian Transmuter on Nov 4, 2017.
             Was an Initiate of Makhleb.
             Slain by Grinder (5 damage)
             ... on level 4 of the Dungeon.
             The game lasted 00:30:46 (1685 turns).

Meenos the Ruffian (Draconian Transmuter)           Turns: 1685, Time: 00:30:47

Health: -4/35      AC:  2    Str: 15    XL:     4   Next: 8%
Magic:  0/7        EV: 20    Int: 15    God:    Makhleb [......]
Gold:   91         SH:  0    Dex: 21    Spells: 3/7 levels left

rFire    . . .     SeeInvis .     - Unarmed
rCold    . . .     Gourm    .   (shield currently unavailable)
rNeg     . . .     Faith    .   (armour unavailable)
rPois    x         Spirit   .   (helmet currently unavailable)
rElec    .         Reflect  .   (cloak currently unavailable)
rCorr    .         Harm     .   (gloves currently unavailable)
MR       .....                  (boots currently unavailable)
Stlth    ++........             (no amulet)
Regen    0.2/turn               e - +5 ring of dexterity
MPRegen  0.1/turn               n - +3 ring of strength

@: spider-form (expiring)
A: unfitting armour, AC +5
a: End Transformation, Renounce Religion


You were on level 4 of the Dungeon.
You worshipped Makhleb.
Makhleb was noncommittal.
You were not hungry.
You were a venomous arachnid creature.
You visited 1 branch of the dungeon, and saw 3 of its levels.

You collected 91 gold pieces.

Inventory:

Hand Weapons
 d - a cursed +0 short sword (melded)
 q - a +0 quarterstaff of draining
Missiles
 a - 12 arrows
Armour
 i - a scarf of spirit shield (melded)
 m - a +0 pair of gloves (melded)
Jewellery
 e - a +5 ring of dexterity (left front leg)
 n - a +3 ring of strength (right front leg)
Scrolls
 k - a scroll of teleportation
 o - a scroll of identify
 p - a scroll of fear
Potions
 h - a potion of flight
 l - a potion of might {unknown}
 r - 2 potions of agility {unknown}
Books
 b - a book of Changes

   Spells                             Type                      Level
   a - Beastly Appendage              Transmutation                1
   b - Sticks to Snakes               Transmutation                2
   c - Spider Form                    Transmutation/Poison         3
   d - Ice Form                       Ice/Transmutation            4
   e - Blade Hands                    Transmutation                5
Comestibles
 c - 3 bread rations
 f - 2 fruits
 g - 3 meat rations
 j - a royal jelly


   Skills:
 + Level 1.5 Fighting
 - Level 1.0 Short Blades
 + Level 2.2 Dodging
 - Level 0.2 Stealth
 * Level 3.9 Unarmed Combat
 + Level 2.3 Spellcasting
 + Level 2.2 Transmutations


You had 3 spell levels left.
You knew the following spells:

 Your Spells              Type           Power        Failure   Level  Hunger
a - Beastly Appendage     Tmut           #.....       22%         1    #......
b - Spider Form           Tmut/Pois      #.........   61%         3    ###....


Dungeon Overview and Level Annotations

Branches:
Dungeon (4/15)             Temple (0/1) D:4

Altars:
Dithmenos
Elyvilon
Fedhas
Makhleb
Qazlal
Vehumet

Annotations:
D:4 Grinder


Innate Abilities, Weirdness & Mutations

((Your plain brown scales are hard. (AC +5)))
You cannot fit into any form of body armour.
((You are cold-blooded and may be slowed by cold attacks.))


Message History

Your horns disappear.
You turn into a venomous arachnid creature.
Your cursed +0 short sword melds into your body.
Your scarf of spirit shield melds into your body.
Your +0 pair of gloves melds into your body.
You feel strangely alone.
Grinder blinks!
You barely miss Grinder. Grinder misses you.
You completely miss Grinder. Grinder gestures at you.
Pain shoots through your body!
* * * LOW HITPOINT WARNING * * *
You hit Grinder.
Grinder is poisoned.
Grinder is lightly wounded.
Grinder hits you!
* * * LOW HITPOINT WARNING * * *
You completely miss Grinder.
Grinder is lightly wounded.
Your transformation is almost over.
Grinder hits you.
You die...

.#########.# #.
#.# #. #.# #.
#.# #> #.# #.
#.# ##.## #.#
#!#...########.#
#..[..5s.......#
###...##########
##.## #. .. ###


You could see Grinder.

Vanquished Creatures
  2 adders (D:2)
  2 worms
  A dart slug (D:2)
  A leopard gecko (D:2)
  An orc (D:4)
  5 bats
  5 giant cockroaches
  2 hobgoblins (D:1)
  A quokka (D:4)
  2 ball pythons
  2 frilled lizards (D:2)
  6 goblins
  7 kobolds
  9 rats
46 creatures vanquished.

Notes
Turn   | Place    | Note
-------+----------+-------------------------------------------
     0 | D:1      | Meenos the Draconian Transmuter began the quest for the Orb.
     0 | D:1      | Reached XP level 1. HP: 16/16 MP: 3/3
   159 | D:1      | Reached XP level 2. HP: 22/23 MP: 5/5
   805 | D:2      | Reached XP level 3. HP: 27/28 MP: 6/6
   919 | D:2      | Reached skill level 1 in Short Blades
   946 | D:2      | Found a blossoming altar of Fedhas.
   946 | D:2      | Found a radiant altar of Vehumet.
   947 | D:2      | Found a burning altar of Makhleb.
   959 | D:2      | Found a white marble altar of Elyvilon.
  1074 | D:2      | Became a worshipper of Makhleb the Destroyer
  1308 | D:2      | Found a stormy altar of Qazlal.
  1396 | D:2      | Found a shadowy altar of Dithmenos.
  1443 | D:2      | Learned a level 3 spell: Spider Form
  1521 | D:2      | You fall through a shaft for 2 floors!
  1521 | D:4      | Found a staircase to the Ecumenical Temple.
  1551 | D:4      | Reached XP level 4. HP: 34/35 MP: 5/7
  1665 | D:4      | Noticed Grinder
  1669 | D:4      | Paralysed by Grinder for 7 turns
  1684 | D:4      | HP: 1/35 [Grinder (7)]
  1685 | D:4      | Slain by Grinder

Skill      XL: |  1  2  3 |
---------------+----------+-----
Short Blades   | 1 |  1.0
Dodging        | 2 |  2.2
Fighting       | |  1.5
Stealth        | |  0.2
Unarmed Combat | |  3.9
Spellcasting   | |  2.3
Transmutations | |  2.2

Action                   |  1- 3 |  4- 6 || total
-------------------------+-------+-------++-------
Melee: Unarmed           |    11 |     4 ||    15
       Short sword       |   118 |     9 ||   127
       Tailslap          |    11 |       ||    11
       Kick              |     1 |       ||     1
       Punch             |     3 |       ||     3
 Cast: Beastly Appendage |     3 |     1 ||     4
       Spider Form       |     1 |     1 ||     2
  Use: Scroll            |     3 |       ||     3
 Stab: Sleeping          |     3 |       ||     3
  Eat: Fruit             |     3 |       ||     3
Armor: Skin              |    42 |     1 ||    43
Dodge: Dodged            |   102 |     3 ||   105
